 Dungeon Crawl Stone Soup version 0.23.2-30-g0e89c35649 (webtiles) character file.

Game seed: 7267949047976117952

1446 funkygono the Magician (level 8, -9/54 HPs)
             Began as a Demonspawn Conjurer on June 18, 2019.
             Was a Follower of Vehumet.
             Killed by divine providence
             ... invoked by an orc priest
              (12 damage)
             ... on level 6 of the Dungeon on June 20, 2019.
             The game lasted 00:26:27 (6958 turns).

funkygono the Magician (Demonspawn Conjurer)        Turns: 6958, Time: 00:26:28

Health: -9/54      AC:  6    Str:  8    XL:     8   Next: 46%
Magic:  18/19      EV: 14    Int: 18    God:    Vehumet [*.....]
Gold:   236        SH:  0    Dex: 20    Spells: 13/21 levels left

rFire    . . .     SeeInvis .   n - +5 mace "Igraog" {drain, rPois}
rCold    . . .     Gourm    .   (no shield)
rNeg     . . .     Faith    .   a - +0 robe
rPois    +         Spirit   .   (no helmet)
rElec    .         Reflect  .   (no cloak)
rCorr    .         Harm     .   o - +0 pair of gloves
MR       .....                  (no boots)
Stlth    +++.......             (no amulet)
HPRegen  0.18/turn              g - +5 ring of dexterity
MPRegen  0.16/turn              (no ring)

@: hasted, very quick
A: talons 1, molten scales 2, powered by death 2, spiny 1
a: Renounce Religion


You were on level 6 of the Dungeon.
You worshipped Vehumet.
Vehumet was aware of your devotion.
You were not hungry.

You visited 1 branch of the dungeon, and saw 6 of its levels.

You collected 236 gold pieces.

Inventory:

Hand Weapons
 b - a +1 mace
 n - the +5 mace "Igraog" (weapon) {drain, rPois}
   (You found it on level 4 of the Dungeon)

   A truly terrible weapon, it drains the life of those it strikes.
   It protects you from poison.
 w - a +1 flail of protection
Missiles
 m - 118 stones (quivered)
Armour
 a - a +0 robe (worn)
 f - a cursed +0 scale mail
 k - a +0 leather armour
 o - a +0 pair of gloves (worn)
Jewellery
 g - a +5 ring of dexterity (left hand)
Wands
 r - a wand of iceblast (5)
Scrolls
 d - 5 scrolls of remove curse
 q - a scroll of enchant weapon
 u - a scroll of identify
 v - a scroll of amnesia
Potions
 e - a potion of resistance
 h - a potion of lignification
 i - a potion of invisibility
 j - a potion of flight
 p - 4 potions of curing
 s - 2 potions of cancellation {unknown}
Comestibles
 c - 7 rations
 t - 14 chunks of flesh


   Skills:
 + Level 1.0 Fighting
 + Level 0.7 Maces & Flails
 + Level 3.2 Dodging
 + Level 3.6 Stealth
 * Level 7.3 Spellcasting
 + Level 6.2 Conjurations
 + Level 0.2 Hexes
 + Level 1.7 Necromancy


You had 13 spell levels left.
You knew the following spells:

 Your Spells              Type           Power        Failure   Level  Hunger
a - Magic Dart            Conj           ####         1%          1    None
b - Searing Ray           Conj           ####..       1%          2    None
c - Dazzling Spray        Conj/Hex       ###...       9%          3    #......
d - Animate Skeleton      Necr           N/A          4%          1    None
e - Flame Tongue          Conj/Fire      ###..        3%          1    None

Your spell library contained the following spells:

 Spells                   Type           Power        Failure   Level  Hunger
 Iskenderun's Mystic Bla  Conj           ####....     8%          4    ###....
 Confusing Touch          Hex            #.....       10%         1    None
 Apportation              Tloc           #.....       11%         1    None
 Summon Small Mammal      Summ           #...         11%         1    None
 Call Imp                 Summ           #.......     16%         2    None
 Force Lance              Conj/Tloc      ###.....     28%         4    ###....
 Fulminant Prism          Conj/Hex       ###.......   28%         4    ###....
 Call Canine Familiar     Summ           #.......     30%         3    #......
 Summon Guardian Golem    Hex/Summ       #.......     30%         3    #......
 Summon Ice Beast         Ice/Summ       #.......     71%         4    ###....
 Summon Lightning Spire   Summ/Air       #.......     71%         4    ###....


Dungeon Overview and Level Annotations

Branches:
Dungeon (6/15)
 Temple: D:4-7

Altars:
Kikubaaqudgha
Okawaru
Vehumet
Wu Jian


Innate Abilities, Weirdness & Mutations

You have sharp toenails.
You are mostly covered in molten scales. (AC +3)
You regenerate health from kills.
You are partially covered in sharp spines.


Message History

Beogh smites you!
The orc priest mumbles some strange prayers to Beogh against you.
Beogh smites you!
You hear an angry hiss.
The orc priest begins to cast a cantrip, but forgets the words!
The orc priest hits your orc wizard skeleton with a +2 flail of protection!
The orc priest hits your orc wizard skeleton with a +2 flail of protection.
The orc priest calls down the wrath of Beogh upon you.
Beogh smites you!
* * * LOW HITPOINT WARNING * * *
Your orc wizard skeleton barely misses the orc priest.
The orc priest hits your orc wizard skeleton with a +2 flail of protection!
Your orc wizard skeleton is destroyed!
The orc priest mumbles some strange prayers to Beogh against you.
Beogh smites you!
* * * LOW HITPOINT WARNING * * *
You feel yourself speed up.
The orc priest calls down the wrath of Beogh upon you.
Beogh smites you!
You die...

#. #.#.).>.o##....#.....
#. #............####....
#.#..o...###.#####...
####.#..###o# #.#...##.#
..........Z^# #.#.#....#
####...##### #.....####
#...# ###.### #...#
######Z## #..@#
#.......# #
#####...####.####Z.# #
..............###..#####
)...............#..#.Z..
..............#....#.###
#####...####.##......# #
#.###.# #.......### # #.
#.# ######.######
#.###Z# #.###.>.


You could see an orc priest.

Vanquished Creatures
  A black bear (D:6)
  An ice beast (D:6)
  2 orc warriors (D:6)
  3 centaurs
  A bullfrog (D:6)
  2 water moccasin zombies
  A scorpion (D:5)
  A howler monkey (D:4)
  A centaur zombie (D:3)
  A crimson imp (D:5)
  2 hounds
  A centaur skeleton (D:4)
  2 orc priests (D:6)
  2 jellies (D:5)
  2 orc wizards
  2 worker ants (D:5)
  3 gnolls (D:5)
  9 adders
  An ooze (D:1)
  3 worms
  A dart slug (D:2)
  3 leopard geckos
  16 orcs
  7 giant cockroaches
  13 goblins
  6 hobgoblins
  15 jackals
  6 kobolds
  2 quokkas
  2 ball pythons (D:1)
  8 bats
  5 frilled lizards
  A quokka zombie (D:6)
  9 rats
135 creatures vanquished.

Vanquished Creatures (collateral kills)
  An adder (D:6)
  4 orcs (D:6)
5 creatures vanquished.

Grand Total: 140 creatures vanquished

Notes
Turn   | Place    | Note
-------+----------+-------------------------------------------
     0 | D:1      | funkygono the Demonspawn Conjurer began the quest for the
                  | Orb.
     0 | D:1      | Reached XP level 1. HP: 13/13 MP: 3/3
   299 | D:1      | Gained mutation: You regenerate a little health from kills.
                  | [demonic ancestry]
   299 | D:1      | Reached XP level 2. HP: 19/19 MP: 0/5
   303 | D:1      | Learned a level 2 spell: Searing Ray
  1064 | D:1      | Gained mutation: You are partially covered in molten
                  | scales. (AC +2) [demonic ancestry]
  1064 | D:1      | Reached XP level 3. HP: 24/24 MP: 0/6
  1295 | D:1      | Learned a level 3 spell: Dazzling Spray
  1670 | D:2      | Found an iron altar of Okawaru.
  1685 | D:2      | Reached skill level 3 in Spellcasting
  2074 | D:2      | Reached XP level 4. HP: 30/30 MP: 3/8
  2757 | D:3      | Found a faded altar of an unknown god.
  2777 | D:3      | Gained mutation: You are mostly covered in molten scales.
                  | (AC +3) [demonic ancestry]
  2777 | D:3      | Reached XP level 5. HP: 35/35 MP: 0/10
  3763 | D:4      | Reached skill level 4 in Spellcasting
  3763 | D:4      | Reached skill level 5 in Conjurations
  3929 | D:4      | Got a fine mace
  3930 | D:4      | Identified the +5 mace "Igraog" {drain, rPois} (You found
                  | it on level 4 of the Dungeon)
  4017 | D:4      | Found an ornate altar of the Wu Jian Council.
  4559 | D:4      | Gained mutation: You are partially covered in sharp spines.
                  | [demonic ancestry]
  4559 | D:4      | Reached XP level 6. HP: 42/42 MP: 7/12
  4915 | D:5      | Entered Level 5 of the Dungeon
  5247 | D:5      | Reached skill level 5 in Spellcasting
  5381 | D:5      | Gained mutation: You regenerate health from kills. [demonic
                  | ancestry]
  5381 | D:5      | Reached XP level 7. HP: 47/47 MP: 5/14
  5674 | D:5      | Found a radiant altar of Vehumet.
  5680 | D:5      | Became a worshipper of Vehumet
  5818 | D:5      | Learned a level 1 spell: Animate Skeleton
  6245 | D:6      | Reached skill level 6 in Spellcasting
  6445 | D:6      | Reached skill level 1 in Fighting
  6445 | D:6      | Gained mutation: You have sharp toenails. [demonic
                  | ancestry]
  6445 | D:6      | Reached XP level 8. HP: 44/54 MP: 10/18
  6531 | D:6      | Found an ancient bone altar of Kikubaaqudgha.
  6555 | D:6      | Reached skill level 7 in Spellcasting
  6599 | D:6      | Reached * piety under Vehumet
  6599 | D:6      | Offered knowledge of Flame Tongue by Vehumet.
  6603 | D:6      | Learned a level 1 spell: Flame Tongue
  6613 | D:6      | Reached skill level 1 in Necromancy
  6949 | D:6      | HP: 1/54 [orc priest/divine providence (11)]
  6958 | D:6      | Killed from afar by an orc priest

Skill      XL: |  1  2  3  4  5  6  7  8 |
---------------+-------------------------+-----
Stealth        | 2 3 |  3.6
Spellcasting   | 3 4 5 6 7 |  7.3
Dodging        | 2 3 |  3.2
Conjurations   | 5 6 |  6.2
Fighting       | 1 |  1.0
Necromancy     | 1 |  1.7
Maces & Flails | |  0.7
Hexes          | |  0.2

Action                   |  1- 3 |  4- 6 |  7- 9 || total
-------------------------+-------+-------+-------++-------
Melee: Unarmed           |    16 |     2 |       ||    18
       Mace              |       |    20 |     1 ||    21
       Kick              |       |       |     1 ||     1
 Cast: Magic Dart        |    94 |   136 |    49 ||   279
       Searing Ray       |     5 |    12 |    15 ||    32
       Dazzling Spray    |       |     5 |       ||     5
       Animate Skeleton  |       |       |    17 ||    17
  Use: Scroll            |     2 |     9 |     1 ||    12
       Potion            |       |     4 |     1 ||     5
  Eat: Chunk             |     4 |     8 |     5 ||    17
       Ration            |       |     1 |       ||     1
Armor: Robe              |     7 |    28 |    10 ||    45
       Skin              |       |     5 |       ||     5
Dodge: Dodged            |    34 |    51 |    35 ||   120
